 Dungeon Crawl Stone Soup version 0.29-a0-490-g77b3608bb8 (webtiles) character file.

Game seed: 5910750145577588102

208 jlumianski the Skirmisher (level 5, -2/42 HPs)
             Began as a Demonspawn Fighter on May 26, 2022.
             Was an Initiate of Qazlal.
             Succumbed to a scorpion's poison
             ... in the Ecumenical Temple.
             The game lasted 00:18:00 (4234 turns).

jlumianski the Skirmisher (Demonspawn Fighter)      Turns: 4234, Time: 00:18:01

Health: -2/42      AC: 12    Str: 18      XL:     5   Next: 55%
Magic:  1/5        EV:  7    Int: 10      God:    Qazlal [......]
Gold:   208        SH:  5    Dex: 13 (14) Spells: 4/4 levels left

rFire   . . .      SeeInvis .   a - +0 war axe
rCold   . . .      Faith    .   c - +0 buckler
rNeg    . . .      Spirit   +   A - +0 chain mail
rPois   +          Reflect  .   (helmet restricted)
rElec   .          Harm     .   (no cloak)
rCorr   +          Rampage  .   v - +1 pair of gloves
Will    .....                   w - +0 pair of boots
Stlth   ..........              m - amulet of guardian spirit
HPRegen 0.14/turn               i - ring of poison resistance
MPRegen 0.18/turn               k - ring of resist corrosion

@: lethally poisoned (-2 -> -13)
A: antennae 2, thin skeletal structure 1, magic regeneration
a: Renounce Religion


You were in the Ecumenical Temple.
You worshipped Qazlal.
Qazlal was noncommittal.
You visited 2 branches of the dungeon, and saw 5 of its levels.

You collected 258 gold pieces.
You spent 50 gold pieces at shops.

Inventory:

Hand Weapons
 a - a +0 war axe (weapon)
 C - a +0 dagger of venom
Missiles
 e - 77 stones
 o - 10 javelins
 p - 5 boomerangs (quivered)
 s - 4 poisoned darts
Armour
 b - a +0 scale mail
 c - a +0 buckler (worn)
 v - a +1 pair of gloves (worn)
 w - a +0 pair of boots (worn)
 A - a +0 chain mail (worn)
Jewellery
 i - a ring of poison resistance (left hand)
 k - a ring of resist corrosion (right hand)
 m - an amulet of guardian spirit (around neck)
 r - an amulet of magic regeneration
Wands
 B - a wand of flame (7)
Scrolls
 f - a scroll of torment
 j - 2 scrolls of poison
 l - a scroll of teleportation
Potions
 d - a potion of might
 g - 2 potions of curing
 h - a potion of invisibility
 q - a potion of heal wounds
 t - a potion of berserk rage
 x - a potion of brilliance
 z - 2 potions of cancellation


   Skills:
 + Level 4.0 Fighting
 + Level 3.0 Axes
 + Level 3.4 Armour
 + Level 1.4 Dodging
 + Level 3.4 Shields


You had 4 spell levels left.
You didn't know any spells.
Your spell library contained the following spells:

 Spells                   Type           Power      Damage    Failure   Level
 Portal Projectile        Hex/Tloc       0%         N/A       100%        3
 Tukima's Dance           Hex            0%         N/A       100%        3
 Blade Hands              Tmut           0%         N/A       100%        5


Dungeon Overview and Level Annotations

Branches:
Dungeon (4/15)             Temple (1/1) D:4

Altars:
Cheibriados
Nemelex Xobeh
Qazlal
Vehumet
Yredelemnul

Shops:
D:2 !

Annotations:
D:4 Blork the orc
Temple Eustachio


Innate Abilities, Weirdness & Mutations

You have a pair of antennae on your head.
You have a somewhat thin skeletal structure. (Dex +2, Stealth+)
You regenerate magic rapidly.


Message History

There are monsters nearby!
Aiming: Throw Flame
Press: ? - help, Shift-Dir - straight line, f/p - Eustachio
Aim: Eustachio, wielding a +1 falchion of holy wrath and wearing a +0 leather armour of positive energy (severely wounded, 56% to hit)
The puff of flame hits Eustachio.
Eustachio is almost dead.
The scorpion barely misses you.
Throw: 6 boomerangs
Press: ? - help, Q - select action, (/) - cycle Shift-Dir - straight line, f/p - Eustachio
Aim: Eustachio, wielding a +1 falchion of holy wrath and wearing a +0 leather armour of positive energy (almost dead, 48% to hit)
You throw a boomerang. The boomerang hits Eustachio.
Eustachio is almost dead.
The scorpion stings you but does no damage.
Eustachio mumbles some strange words.
Eustachio blinks!
You block the scorpion's attack.
Throw: 6 boomerangs
Press: ? - help, Q - select action, (/) - cycle Shift-Dir - straight line, f/p - Eustachio
Aim: Eustachio, wielding a +1 falchion of holy wrath and wearing a +0 leather armour of positive energy (almost dead, 48% to hit)
You throw a boomerang. The boomerang hits Eustachio.
Eustachio is almost dead.
The scorpion stings you but does no damage.
Throw: 6 boomerangs
Press: ? - help, Q - select action, (/) - cycle Shift-Dir - straight line, f/p - Eustachio
Aim: Eustachio, wielding a +1 falchion of holy wrath and wearing a +0 leather armour of positive energy (almost dead, 48% to hit)
You throw a boomerang. The boomerang misses Eustachio.
The scorpion stings you.
* * * LOW HITPOINT WARNING * * *
The scorpion stings you but does no damage.
You barely miss Eustachio.
Eustachio is almost dead.
You completely miss the scorpion. The scorpion stings you.
* * * LOW HITPOINT WARNING * * *
You are lethally poisoned!
The scorpion poisons you!
Eustachio casts a spell.
The scorpion stings you but does no damage.
You barely miss Eustachio.
Eustachio is almost dead.
You barely miss the scorpion.
You die...

........+
#.......#
#.......##
#.......###
#.........####
#............#
#.....s......
#....@@.5....
##.........≈≈
###≈≈≈≈≈≈≈≈#
####≈≈≈###
####


You could see Eustachio, a scorpion and an iron imp (summoned).

Vanquished Creatures
  An orc priest (D:4)
  4 gnolls (D:2)
  7 adders
  2 worms (D:2)
  2 dart slugs
  4 orcs
  6 bats
  3 endoplasms
  7 giant cockroaches
  6 goblins
  6 hobgoblins
  A quokka (D:2)
  8 ball pythons
  2 frilled lizards (D:1)
  2 kobolds
  6 rats
67 creatures vanquished.

Notes
Turn   | Place    | Note
-------+----------+-------------------------------------------
     0 | D:1      | jlumianski the Demonspawn Fighter began the quest for the
                  | Orb.
     0 | D:1      | Reached XP level 1. HP: 18/18 MP: 1/1
    91 | D:1      | Found a faded altar of an unknown god.
   480 | D:1      | Gained mutation: You have a pair of small antennae on your
                  | head. [demonic ancestry]
   480 | D:1      | Reached XP level 2. HP: 24/24 MP: 2/2
  1347 | D:1      | Gained mutation: You regenerate magic rapidly. [demonic
                  | ancestry]
  1347 | D:1      | Reached XP level 3. HP: 27/29 MP: 3/3
  1513 | D:2      | Found a stormy altar of Qazlal.
  1551 | D:2      | Became a worshipper of Qazlal Stormbringer
  1727 | D:2      | Gained mutation: You have a pair of antennae on your head.
                  | [demonic ancestry]
  1727 | D:2      | Reached XP level 4. HP: 36/36 MP: 4/4
  2045 | D:2      | Found Kautousch's Distillery.
  2048 | D:2      | Bought a potion of heal wounds for 50 gold pieces
  2205 | D:2      | Reached skill level 1 in Dodging
  2700 | D:3      | Found a sparkling altar of Nemelex Xobeh.
  2755 | D:3      | Found a radiant altar of Vehumet.
  2822 | D:3      | Gained mutation: You have a somewhat thin skeletal
                  | structure. (Dex +2, Stealth+) [demonic ancestry]
  2822 | D:3      | Reached XP level 5. HP: 34/42 MP: 5/5
  2897 | D:3      | Found a snail-covered altar of Cheibriados.
  3037 | D:3      | Found a basalt altar of Yredelemnul.
  3299 | D:3      | Reached skill level 4 in Fighting
  3460 | D:4      | Noticed Blork the orc
  3467 | D:4      | Noticed Eustachio
  3714 | D:4      | Noticed an ogre
  4174 | D:4      | Found a staircase to the Ecumenical Temple.
  4210 | Temple   | Entered the Ecumenical Temple
  4233 | Temple   | HP: 2/42 [scorpion (3)]
  4234 | Temple   | Succumbed to a scorpion's poison

Illustrated notes

Levels and vault maps discovered:
D:1:      dpeg_arrival_signposts, layout_basic,
          dreamdust_ecumenical_altar_statues
D:2:      layout_basic, basic_altar, serial_shops, nicolae_shop_window_shopping
D:3:      layout_loops_ring, nicolae_vehumet_radiance, amcnicky_altar_gilded,
          mainiacjoe_overflow_catwalk_spiral, skrybe_limestone_x, moated_statue
D:4:      layout_rooms, minmay_temple_entry_mist, uniq_blork_the_orc, uniq_ijyb,
          uniq_eustachio, uniq_pikel
Temple:   minmay_temple_curvy_loop

Skill      XL: |  1  2  3  4  5 |
---------------+----------------+-----
Axes           | 2 3 |  3.0
Armour         | 3 |  3.4
Shields        | 3 |  3.4
Dodging        | 1 |  1.4
Fighting       | 4 |  4.0

Action                   |  1- 3 |  4- 6 || total
-------------------------+-------+-------++-------
Melee: War axe           |    98 |   137 ||   235
Throw: Boomerang         |       |    14 ||    14
Evoke: Wand              |       |     4 ||     4
  Use: Potion            |       |     2 ||     2
       Scroll            |       |     9 ||     9
Armor: Scale mail        |    62 |    42 ||   104
       Chain mail        |       |    77 ||    77
Dodge: Dodged            |    60 |    92 ||   152
Block: Buckler           |    40 |    65 ||   105

Table legend: (Time is in decaauts)
 A = Elapsed time spent in this place.
 B = Non-inter-level travel time spent in this place.
 C = Inter-level travel time spent in this place.
 D = Time resting spent in this place.
 E = Time spent auto-exploring this place.
 F = Levels seen in this place.
 G = Mean time per level.
                   A        B        C        D        E       F      G
               +--------+--------+--------+--------+--------+-----+--------+
         Total |   4349 |   4293 |     56 |    350 |   2039 |   5 |  869.8 |
       Dungeon |   4332 |   4276 |     56 |    350 |   2039 |   4 | 1083.0 |
        Temple |     17 |     17 |      0 |      0 |      0 |   1 |   17.0 |
               +--------+--------+--------+--------+--------+-----+--------+

Top non-repeatable levels by time:
     D:1: 1362 daAuts
     D:2: 1241 daAuts
     D:3: 1109 daAuts
     D:4: 618 daAuts
  Temple: 17 daAuts
